 Dungeon Crawl Stone Soup version 0.18-a0-1405-g73f4075 (webtiles) character file.

10607 George the Carver (level 11, 0/100 HPs)
             Began as a Minotaur Fighter on Feb 24, 2016.
             Was a Priest of Makhleb.
             Slain by a skeletal warrior
             ... wielding a +1 battleaxe of freezing
              (2 damage)
             ... on level 11 of the Dungeon.
             The game lasted 00:22:30 (9635 turns).

George the Carver (Minotaur Fighter)                Turns: 9635, Time: 00:22:30

Health: 0/100      AC: 15    Str: 26    XL:     11   Next: 38%
Magic:  4/4        EV:  7    Int:  5    God:    Makhleb [***...]
Gold:   894        SH: 13    Dex: 10    Spells: 0 memorised, 10 levels left

rFire  . . .     SeeInvis .     T - +3 falchion (antimagic)
rCold  . . .     Gourm    +     R - +2 chain mail of Luqaav {+Inv rN+ Str+2}
rNeg   + . .     Faith    .     c - +1 shield
rPois  .         Spirit   .     (helmet restricted)
rElec  .         Dismiss  .     (no cloak)
rCorr  .         Reflect  .     D - +0 pair of gloves
SustAt .         Harm     .     (no boots)
MR     .....                    y - amulet of the gourmand
Stlth  ..........               (no ring)
                                (no ring)

@: not resistant to hostile enchantments, extremely unstealthy
A: retaliatory headbutt, horns 2, talons 1
a: Minor Destruction, Lesser Servant of Makhleb, Renounce Religion, Evoke
Invisibility


You were on level 11 of the Dungeon.
You worshipped Makhleb.
Makhleb was most pleased with you.
You were very full.

You visited 2 branches of the dungeon, and saw 12 of its levels.
You also visited: Ossuary and Bailey.

You collected 894 gold pieces.

Inventory:

Hand Weapons
 a - a +1 long sword
 T - a +3 antimagic falchion (weapon)
Missiles
 V - 29 tomahawks of returning (quivered)
Armour
 c - a +1 shield (worn)
 D - a +0 pair of gloves (worn)
 R - the +2 chain mail of Luqaav (worn) {+Inv rN+ Str+2}
   (You found it on level 8 of the Dungeon)

   It affects your strength (+2).
   It protects you from negative energy.
   It lets you turn invisible.
Jewellery
 n - an uncursed ring of ice
 y - an amulet of the gourmand (around neck)
Wands
 Q - a wand of flame (28/48)
 W - a wand of confusion (9/48)
 X - a wand of iceblast (12/15)
 Y - a wand of acid (8/15)
Scrolls
 u - 3 scrolls of teleportation
 F - 5 scrolls of remove curse
 N - 2 scrolls of fear
 S - a scroll of blinking
Potions
 d - a potion of might
 r - 6 potions of heal wounds
 v - 2 potions of curing
 z - 2 potions of resistance
 G - a potion of mutation
 K - a potion of cure mutation
 P - 2 potions of berserk rage
 Z - 3 potions of agility {unknown}
Comestibles
 f - 11 bread rations
 h - 5 beef jerkies
 i - 4 meat rations
 o - 8 fruits
 t - 9 slices of pizza
 U - a royal jelly


   Skills:
 + Level 10.3 Fighting
 + Level 13.9 Long Blades
 + Level 10.2 Armour
 + Level 10.2 Shields
 + Level 4.6 Invocations


You had 10 spell levels left.
You didn't know any spells.

Dungeon Overview and Level Annotations

Branches:
Dungeon (11/15)            Temple (1/1) D:6            Lair (0/8) D:9
    Orc: D:9-12

Altars:
Ashenzari
Cheibriados
Dithmenos
Elyvilon
Fedhas
Gozag
Kikubaaqudgha
Makhleb
Nemelex Xobeh
Okawaru
Pakellas
Qazlal
Ru
Sif Muna
Trog
Vehumet
Xom
Yredelemnul
Zin
The Shining One

Shops:
D:7 =

Annotations:
D:4 1 runed door
D:7 Joseph


Innate Abilities, Weirdness & Mutations

You reflexively headbutt those who attack you in melee.
You have a pair of horns on your head.
You have sharp toenails.


Message History

The skeletal warrior freezes you.
* * * LOW HITPOINT WARNING * * *
You hit the skeletal warrior but do no damage.
The skeletal warrior is almost destroyed.
You closely miss the skeletal warrior.
You claw the skeletal warrior, but do no damage.
The skeletal warrior is almost destroyed.
The skeletal warrior hits you with a battleaxe of freezing!
* * * LOW HITPOINT WARNING * * *
The skeletal warrior freezes you.
* * * LOW HITPOINT WARNING * * *
You closely miss the skeletal warrior.
Your headbutt misses the skeletal warrior.
The skeletal warrior is almost destroyed.
You hit the skeletal warrior. Your kick misses the skeletal warrior.
The skeletal warrior is almost destroyed.
The skeletal warrior hits you with a battleaxe of freezing.
* * * LOW HITPOINT WARNING * * *
The skeletal warrior freezes you.
You die...

*****,*,*,,,,,,*
**,***,***** ********,*
*,,,,,,,,* *,*****#.*
*###**** *,*
#.#########..,,,,*
***,###**#.........#.#***,*
,,,,,...*#.#*#####.#.###*,*
***,###.##.###..@zc....#*,*
*,...........###.#.#.#*,*
****##.....### #.#.#,**,*
##...######.#z#,**,*
##.........#..,,,,***
#†#########z.,,,,,,* # #.#
*.#.****,* # ##'## *.#.*
*,* #### ##...## *,*,** *,*


You could see a skeletal warrior and a centaur.

Vanquished Creatures
  A centaur warrior (D:11)
  2 skeletal warriors (D:11)
  2 hill giants (D:10)
  An orc knight (Bailey)
  An ugly thing (D:11)
  3 centaur skeletons (D:10)
  A fire drake (D:9)
  A troll (D:6)
  A vampire (D:10)
  5 yaks
  A human (D:7)
  A water moccasin (D:5)
  A black bear (D:10)
  4 orc warriors
  2 ice beasts
  5 ogres
  3 sky beasts
  A necrophage (D:6)
  2 centaurs
  2 phantoms (D:10)
  4 giant frogs
  3 scorpions
  3 killer bees (D:10)
  3 wights (D:8)
  4 howler monkeys
  6 crimson imps
  A centaur zombie (D:6)
  2 hounds
  3 jellies
  A quasit (D:10)
  3 orc priests
  2 gnoll shamans
  A giant frog skeleton (D:6)
  3 iguanas
  Natasha (twice) (D:3)
  4 orc wizards
  4 worker ants
  3 sheep (D:7)
  A big kobold zombie (Ossuary)
  A hound zombie (D:7)
  2 hound skeletons
  9 mummies
  2 worker ant zombies
  A howler monkey zombie (D:6)
  51 gnolls
  10 adders
  A howler monkey skeleton (D:8)
  A shadow imp (D:9)
  2 adder zombies
  4 worms
  A dart slug (D:3)
  9 giant geckos
  25 orcs
  5 bats
  3 giant cockroaches
  4 hobgoblins
  27 jackals
  5 quokkas (D:9)
  4 ball pythons
  A ball python skeleton (D:5)
  4 giant newts
  12 goblins
  3 hobgoblin zombies
  A jackal skeleton (D:4)
  10 kobolds
  2 kobold zombies (Ossuary)
  4 orc zombies
  A quokka skeleton (D:5)
  8 rats
306 creatures vanquished.

Notes
Turn   | Place    | Note
--------------------------------------------------------------
     0 | D:1      | George the Minotaur Fighter began the quest for the Orb.
     0 | D:1      | Reached XP level 1. HP: 19/19 MP: 0/0
   146 | D:1      | Reached skill level 3 in Long Blades
   251 | D:1      | Reached XP level 2. HP: 24/26 MP: 1/1
   833 | D:1      | Reached skill level 4 in Long Blades
   978 | D:2      | Reached XP level 3. HP: 31/31 MP: 2/2
  1553 | D:3      | Found an opulent altar of Gozag.
  1826 | D:3      | Reached skill level 5 in Long Blades
  1840 | D:3      | Noticed Natasha
  1845 | D:3      | Killed Natasha
  1845 | D:3      | Reached XP level 4. HP: 39/39 MP: 3/3
  2002 | D:3      | Noticed Natasha
  2007 | D:3      | Killed Natasha
  2007 | D:3      | Reached skill level 6 in Long Blades
  2058 | D:4      | Noticed an ogre
  2062 | D:4      | Killed an ogre
  2062 | D:4      | Reached skill level 7 in Long Blades
  2062 | D:4      | Reached XP level 5. HP: 31/45 MP: 4/4
  2187 | D:4      | Noticed an angel
  2317 | D:4      | Reached skill level 10 in Long Blades
  2317 | D:4      | Reached XP level 6. HP: 51/61 MP: 5/5
  2624 | D:4      | Found a white marble altar of Elyvilon.
  2625 | D:4      | Found a runed door.
  2776 | D:5      | Entered Level 5 of the Dungeon
  2786 | D:5      | Reached XP level 7. HP: 67/67 MP: 6/6
  3175 | D:5      | Reached skill level 11 in Long Blades
  3630 | D:5      | Reached XP level 8. HP: 74/74 MP: 7/7
  3785 | D:5      | Reached skill level 12 in Long Blades
  4492 | D:6      | Noticed a troll
  4498 | D:6      | Killed a troll
  4551 | D:6      | Found a sand-covered staircase.
  4557 | Ossuary  | Entered an ossuary
  4578 | Ossuary  | Reached XP level 9. HP: 68/81 MP: 8/8
  4900 | D:6      | Found a shadowy altar of Dithmenos.
  5423 | D:6      | Found a staircase to the Ecumenical Temple.
  5593 | Temple   | Entered the Ecumenical Temple
  5654 | Temple   | Became a worshipper of Makhleb the Destroyer
  5796 | D:7      | Found Moipt's Jewellery Shoppe.
  6087 | D:7      | Reached skill level 1 in Invocations
  6089 | D:7      | Found a shimmering altar of Xom.
  6090 | D:7      | Found a shimmering altar of Xom.
  6097 | D:7      | Noticed Joseph
  6172 | D:7      | Found a shimmering altar of Xom.
  6268 | D:7      | Reached skill level 13 in Long Blades
  6339 | D:8      | Reached * piety under Makhleb
  6521 | D:8      | Reached XP level 10. HP: 61/90 MP: 3/10
  6780 | D:8      | Got an amethyst-encrusted chain mail
  6797 | D:8      | Identified the +2 chain mail of Luqaav {+Inv rN+ Str+2} (You found it on level 8 of the Dungeon)
  6823 | D:8      | Found a deep blue altar of Sif Muna.
  6827 | D:8      | Found an oddly glowing altar of Pakellas.
  7317 | D:9      | Found a staircase to the Lair.
  7550 | D:9      | Reached ** piety under Makhleb
  7740 | D:9      | Gained mutation: You have sharp toenails. [mutagenic meat]
  7912 | D:10     | Entered Level 10 of the Dungeon
  8256 | D:10     | Noticed a hill giant
  8273 | D:10     | Killed a hill giant
  8627 | D:10     | Noticed a hill giant
  8637 | D:10     | Killed a hill giant
  8843 | D:11     | Noticed a centaur warrior
  8852 | D:11     | Killed a centaur warrior
  8852 | D:11     | Reached XP level 11. HP: 83/99 MP: 4/12
  8914 | D:11     | Reached *** piety under Makhleb
  8927 | D:11     | Found a flagged portal.
  8980 | Bailey   | Entered a bailey
  9209 | Bailey   | Noticed an orc knight
  9232 | Bailey   | Killed an orc knight
  9232 | Bailey   | Reached skill level 10 in Fighting
  9232 | Bailey   | Reached skill level 10 in Armour
  9232 | Bailey   | Reached skill level 10 in Shields
  9235 | Bailey   | Found a burning altar of Makhleb.
  9520 | D:11     | Noticed a red ugly thing
  9542 | D:11     | Killed a red ugly thing
  9568 | D:11     | Noticed a skeletal warrior
  9568 | D:11     | Noticed a skeletal warrior
  9585 | D:11     | Killed a skeletal warrior
  9587 | D:11     | Noticed a skeletal warrior
  9595 | D:11     | Killed a skeletal warrior
  9635 | D:11     | HP: 2/100 [skeletal warrior/battleaxe of freezing (4)]
  9635 | D:11     | Slain by a skeletal warrior

Vault maps used:
D:1:      mrwooster_arrival_statue, minmay_misc_feat_four_crosses
D:3:      wad_pebble_path, nicolae_gozag_cash_rules_everything_around_me,
          uniq_natasha
D:4:      first_bread, lemuel_angel_altar
D:5:      lemuel_castle_with_subvaults
D:6:      grunt_dithmenos_smoke, nicolae_ossuary_entry_giza,
          serial_bayou_pond_b, kennysheep_cluttered_room
D:7:      xom_shifter_show, serial_shops, shop_statue, grunt_livestock,
          uniq_joseph
D:8:      grunt_temple_overflow_open
D:9:      minmay_lair_entry_lava, small_chamber_with_monster
D:11:     enter_bailey_2, serial_bayou_pond_e, minmay_tree_intersection,
          hangedman_abyss_or_decor_lesser_grid
Temple:   nicolae_temple_x_marks_the_god_16
Ossuary:  ossuary_tomb_3
Bailey:   bailey_axe_3, bailey

Skill      XL: |  1  2  3  4  5  6  7  8  9 10 11 |
---------------+----------------------------------+-----
Long Blades    | 3 4 5 7 10 11 12 13 | 13.9
Fighting       | 7 8 9 10 | 10.3
Armour         | 8 9 10 | 10.2
Shields        | 8 9 10 | 10.2
Invocations    | 1 3 4 |  4.6

Action                   |  1- 3 |  4- 6 |  7- 9 | 10-12 || total
-------------------------+-------+-------+-------+-------++-------
Melee: Long sword        |   105 |    52 |   477 |       ||   634
       Falchion          |       |       |    23 |   378 ||   401
Evoke: Wand              |       |       |       |     6 ||     6
  Use: Scroll            |     8 |     1 |     9 |     9 ||    27
       Potion            |       |     1 |       |       ||     1
 Stab: Confused          |       |       |       |     1 ||     1
  Eat: Chunk             |     3 |     4 |    20 |    11 ||    38
